 Dungeon Sprint DCSS version 0.21-a0-91-ga5031da (webtiles) character file.

14574 pib the Devastator (level 12, -10/80 HPs)
             Began as an Octopode Fire Elementalist on June 30, 2017.
             Was the Champion of Vehumet.
             Mangled by a vampire knight
             ... wielding a +3 long sword
              (11 damage)
             ... while paralysed by a vampire knight
             ... in the Dungeon (Sprint V: "Ziggurat Sprint").
             The game lasted 00:22:52 (1503 turns).

pib the Devastator (Octopode Fire Elementalist)     Turns: 1503, Time: 00:22:53

Health: -10/80     AC:  1    Str: 22    XL:     12   Next: 17%
Magic:  13/44      EV:  2    Int: 35    God:    Vehumet [******]
Gold:   0          SH:  0    Dex: 24    Spells: 15/38 levels left

rFire    . . .     SeeInvis .   U - staff of power
rCold    . . .     Gourm    .   (no shield)
rNeg     . . .     Faith    .   (helmet restricted)
rPois    .         Spirit   .   (no amulet)
rElec    .         Reflect  .   x - +6 ring of dexterity
rCorr    .         Harm     .   y - +6 ring of dexterity
MR       .....     NoTele   +   z - +6 ring of intelligence
Stlth    ++++......             A - +6 ring of intelligence
HPRegen  0.23/turn              B - +6 ring of strength
MPRegen  0.29/turn              C - +6 ring of strength
                                g - ring of Curr {EV+4 Str+3}
                                (no ring)

@: paralysed, very slightly contaminated, hasted and slowed, drained
A: almost no armour, stealthy swim, amphibious, 8 rings, constrict 8, camouflage
1, gelatinous body 1
a: Renounce Religion


You were in the Dungeon.
You worshipped Vehumet.
Vehumet was exalted by your worship.
You were not hungry.

You visited 1 branch

Inventory:

Hand Weapons
 K - the +6 Majin-Bo {vamp, Archmagi MP+6 Int+6}
   (You found it in the Dungeon)

   It inflicts no extra harm, but heals its wielder when it wounds a living foe.
   It affects your intelligence (+6).
   It affects your magic capacity (+6).
 M - the +8 lance "Wyrmbane" {slay drac, rPois rF+ rC+ AC+3}
   (You found it in the Dungeon)

   It affects your AC (+3).
   It protects you from fire.
   It protects you from cold.
   It protects you from poison.
Armour
 L - the +18 shield of the Gong {rElec rN+ MR+ EV-5}
   (You found it in the Dungeon)

   It affects your evasion (-5).
   It insulates you from electricity.
   It protects you from negative energy.
   It affects your resistance to hostile enchantments.
Magical Staves
 O - an uncursed staff of summoning
 Q - an uncursed staff of air
 T - an uncursed staff of summoning
 U - an uncursed staff of power (weapon)
Jewellery
 g - the ring of Curr (on tentacle) {EV+4 Str+3}
   (You found it in the Dungeon)

   [ring of evasion]

   It affects your evasion (+4).
   It affects your strength (+3).
 x - a +6 ring of dexterity (left tentacle)
 y - a +6 ring of dexterity (right tentacle)
 z - a +6 ring of intelligence (on tentacle)
 A - a +6 ring of intelligence (on tentacle)
 B - a +6 ring of strength (on tentacle)
 C - a +6 ring of strength (on tentacle)
Wands
 D - a wand of disintegration (4/24)
 E - a wand of iceblast (9/15)
 F - a wand of lightning (3/15)
 G - a wand of acid (11/15)
Scrolls
 h - 2 scrolls of blinking
 l - 4 scrolls of enchant weapon
 o - 4 scrolls of amnesia
 p - 2 scrolls of recharging
 q - 7 scrolls of fog
 r - 2 scrolls of holy word
 s - 5 scrolls of identify
 t - 5 scrolls of remove curse
 u - 2 scrolls of fear
Potions
 c - 10 potions of curing
 d - 17 potions of heal wounds
 e - 4 potions of haste
 f - 7 potions of magic
 i - 2 potions of brilliance
 j - 2 potions of invisibility
 k - 3 potions of resistance
 m - 4 potions of agility
 n - 5 potions of might
Books
 a - a book of Flames

   Spells                             Type                      Level
   a - Flame Tongue                   Conjuration/Fire             1
   b - Throw Flame                    Conjuration/Fire             2
   c - Conjure Flame                  Conjuration/Fire             3
   d - Inner Flame                    Hexes/Fire                   3
   e - Sticky Flame                   Conjuration/Fire             4
   f - Fireball                       Conjuration/Fire             5
 N - a book of Cantrips

   Spells                             Type                      Level
   a - Confusing Touch                Hexes                        1
   b - Animate Skeleton               Necromancy                   1
   c - Summon Small Mammal            Summoning                    1
   d - Apportation                    Translocation                1
 P - a book of Summonings

   Spells                             Type                      Level
   a - Recall                         Summoning/Translocation      3
   b - Aura of Abjuration             Summoning                    5
   c - Summon Demon                   Summoning                    5
   d - Summon Forest                  Summoning/Translocation      5
   e - Summon Mana Viper              Hexes/Summoning              5
   f - Shadow Creatures               Summoning                    6
 R - the Handbook of Feathers and the Traveller
   (You found it in the Dungeon)

   Spells                             Type                      Level
   a - Apportation                    Translocation                1
   b - Swiftness                      Charms/Air                   2
   c - Blink                          Translocation                2
   d - Portal Projectile              Hexes/Translocation          3
   e - Summon Lightning Spire         Summoning/Air                4
   f - Disjunction                    Translocation                8
 S - the Reference Book on Clay and Calling
   (You found it in the Dungeon)

   Spells                             Type                      Level
   a - Call Imp                       Summoning                    2
   b - Summon Lightning Spire         Summoning/Air                4
   c - Bolt of Magma                  Conjuration/Fire/Earth       5
   d - Malign Gateway                 Summoning/Translocation      7
 V - Juuts's Catalogue of the Blaze and Translocation
   (You found it in the Dungeon)

   Spells                             Type                      Level
   a - Flame Tongue                   Conjuration/Fire             1
   b - Throw Flame                    Conjuration/Fire             2
   c - Blink                          Translocation                2
   d - Recall                         Summoning/Translocation      3
   e - Ignition                       Fire                         8
Miscellaneous
 H - a lightning rod (1/4)
 J - a crystal ball of energy
 W - a phial of floods
 X - a phantom mirror
 Y - a phial of floods
 Z - a phial of floods
Comestibles
 b - 4 bread rations
 v - 42 fruits
 w - 4 meat rations


   Skills:
 + Level 6.6(6.2) Fighting
 + Level 7.1(6.7) Dodging
 - Level 2.6(2.3) Stealth
 - Level 13.8(13.4) Spellcasting
 - Level 15.1(14.7) Conjurations
 - Level 12.0(11.6) Summonings
 - Level 3.7(3.3) Translocations
 - Level 12.9(12.5) Fire Magic
 - Level 8.0(7.7) Evocations


You had 15 spell levels left.
You knew the following spells:

 Your Spells              Type           Power        Failure   Level  Hunger
a - Flame Tongue          Conj/Fire      #####        0%          1    None
b - Fireball              Conj/Fire      #######...   1%          5    None
c - Summon Demon          Summ           #######...   1%          5    None
d - Blink                 Tloc           N/A          1%          2    None
e - Mephitic Cloud        Conj/Pois/Air  ######..     1%          3    None
f - Orb of Destruction    Conj           #######...   1%          7    #####..


Dungeon Overview and Level Annotations

Branches:
Dungeon (1/1)

Altars:
Ashenzari
Cheibriados
Dithmenos
Elyvilon
Fedhas
Gozag
Hepliaklqana
Kikubaaqudgha
Makhleb
Nemelex Xobeh
Okawaru
Qazlal
Ru
Sif Muna
Trog
Uskayaw
Vehumet
Wu Jian
Xom
Yredelemnul
Zin
The Shining One
Beogh
Jiyva
Lugonu

Annotations:
D 1 transporter


Innate Abilities, Weirdness & Mutations

You cannot wear most types of armour.
You are very stealthy in the water. (Stealth+)
You are amphibious.
You can wear up to eight rings at the same time.
You can use your tentacles to constrict eight enemies at once.
Your skin changes colour to match your surroundings (Stealth+).
Your rubbery body absorbs attacks. (AC +1, EV +1)


Message History

Confirm with . or Enter, or press ? or * to list all spells.
Aiming: Fireball
Press: ? - help, Shift-Dir - straight line Really fire at your soul eater?
Okay, then.
Casting: Fireball
Confirm with . or Enter, or press ? or * to list all spells.
Aiming: Fireball
Press: ? - help, Shift-Dir - straight line The fireball explodes!
The fireball engulfs something.
The fireball engulfs the vampire knight.
The vampire knight is almost destroyed.
The vampire knight casts a spell at you.
You suddenly lose the ability to move!
The vampire knight gestures at you while chanting.
You resist with significant effort. Something touches you!
You feel drained.
The vampire knight hits you with an enchanted long sword!!
* * * LOW HITPOINT WARNING * * *
The vampire knight bites you!
You die...

▓..).)....▓..)
▓.........▓...
▓.....)...▓...
▓......)..▓...
▓.........▓...
▓.........▓...
▓▓▓▓▓▓▓▓▓▓▓▓▓▓▓▓▓▓▓▓▓▓▓▓
..8©8...▓...8©8...▓...8©
.:)}|)|@▓...)=.:..▓..[.)
▓..:}:|)V)▓..):)[)..▓...)}
▓.......23▓.........▓....)
▓......)).▓....))...▓.....
▓.........▓...).)...▓...†.
▓.........▓....))...▓%....
▓.........▓.........▓.▓...
▓.▓.....▓.▓.....†...▓....†
▓.........▓.........▓▓▓▓▓▓


You could see a reaper, a vampire knight and a friendly soul eater.

Vanquished Creatures
  2 vampire knights (D)
  A red draconian (D)
  A two-headed ogre (D)
  A dancing weapon (D)
  2 spriggans (D)
  A deep elf knight (D)
  A skeletal warrior (D)
  A necromancer (D)
  A deep elf archer (D)
  2 orc sorcerers (D)
  A draconian (D)
  2 toenail golems (D)
  A black mamba (D)
  A yaktaur (D)
  5 merfolk (D)
  A hornet (D)
  3 hippogriffs (D)
  A large abomination (D)
  A shadow (D)
  A warg (D)
  A naga (D)
  2 water moccasins (D)
  5 orc warriors (D)
  A black bear (D)
  3 centaurs (D)
  2 wolves (D)
  2 crimson imps (D)
  2 orc priests (D)
  An orc wizard (D)
  A shadow imp (D)
  3 ufetubi (D)
  An adder skeleton (D)
  An orc (D)
  3 ball pythons (D)
58 creatures vanquished.

Vanquished Creatures (collateral kills)
  An orc warlord (D)
  An orc knight (D)
  2 toenail golems (D)
  A spriggan (D)
  A warg (D)
  A hell hound (D)
  A black bear (D)
  2 necrophages (D)
  2 wolves (D)
  A crimson imp (D)
  An iron imp (D)
  2 bat zombies (D)
16 creatures vanquished.

Grand Total: 74 creatures vanquished

Notes
Turn   | Place    | Note
-------+----------+-------------------------------------------
     0 | D        | pib the Octopode Fire Elementalist began the quest for the Orb.
     0 | D        | Reached XP level 1. HP: 11/11 MP: 3/3
     0 | D        | Found a deep blue altar of Sif Muna.
     0 | D        | Found a sacrificial altar of Ru.
     0 | D        | Found a bloodstained altar of Trog.
     0 | D        | Found a stormy altar of Qazlal.
     0 | D        | Found an iron altar of Okawaru.
     0 | D        | Found a sparkling altar of Nemelex Xobeh.
     0 | D        | Found a blossoming altar of Fedhas.
     2 | D        | Found a transporter.
     2 | D        | Found an ancient bone altar of Kikubaaqudgha.
     2 | D        | Found a viscous altar of Jiyva.
     2 | D        | Found a corrupted altar of Lugonu.
     2 | D        | Found a hazy altar of Hepliaklqana.
     2 | D        | Found a burning altar of Makhleb.
     2 | D        | Found an opulent altar of Gozag.
    41 | D        | Became a worshipper of Vehumet
    59 | D        | Reached XP level 2. HP: 17/17 MP: 4/7
   100 | D        | Entered arena 2.
   100 | D        | Noticed a red draconian
   100 | D        | Noticed a draconian
   100 | D        | Found a transporter.
   106 | D        | Killed a red draconian
   106 | D        | Reached skill level 10 in Conjurations
   106 | D        | Reached XP level 3. HP: 18/21 MP: 7/11
   106 | D        | Reached XP level 4. HP: 24/27 MP: 8/13
   106 | D        | Reached XP level 5. HP: 27/31 MP: 8/14
   106 | D        | Reached XP level 6. HP: 32/36 MP: 9/16
   106 | D        | Reached XP level 7. HP: 36/41 MP: 9/17
   107 | D        | Killed a draconian
   107 | D        | Reached skill level 11 in Conjurations
   107 | D        | Reached XP level 8. HP: 41/46 MP: 10/20
   123 | D        | Learned a level 5 spell: Fireball
   171 | D        | Entered arena 3.
   171 | D        | Noticed a deep elf archer
   171 | D        | Noticed a deep elf knight
   171 | D        | Noticed a battleaxe of chopping
   171 | D        | Found a transporter.
   175 | D        | Killed a deep elf archer
   175 | D        | Reached * piety under Vehumet
   175 | D        | Offered knowledge of Shock by Vehumet.
   175 | D        | Reached skill level 12 in Conjurations
   176 | D        | Killed a deep elf knight
   176 | D        | Reached skill level 13 in Conjurations
   176 | D        | Reached skill level 10 in Fire Magic
   176 | D        | Reached XP level 9. HP: 51/51 MP: 9/22
   176 | D        | Killed a battleaxe of chopping
   176 | D        | Reached skill level 14 in Conjurations
   353 | D        | Entered arena 4.
   353 | D        | Noticed a toenail golem
   353 | D        | Noticed a toenail golem
   353 | D        | Noticed a toenail golem
   353 | D        | Noticed a toenail golem
   353 | D        | Found a transporter.
   356 | D        | Killed a toenail golem
   356 | D        | Reached ** piety under Vehumet
   356 | D        | Offered knowledge of Freeze by Vehumet.
   356 | D        | Reached skill level 10 in Spellcasting
   364 | D        | Killed a toenail golem
   364 | D        | Reached XP level 10. HP: 45/56 MP: 19/24
   370 | D        | Killed a toenail golem
   374 | D        | Killed a toenail golem
   374 | D        | Reached skill level 15 in Conjurations
   384 | D        | Learned a level 5 spell: Summon Demon
   554 | D        | Entered arena 5.
   554 | D        | Found a transporter.
   555 | D        | Offered knowledge of Mephitic Cloud by Vehumet.
   555 | D        | Reached skill level 1 in Summonings
   555 | D        | Reached *** piety under Vehumet
   604 | D        | Identified the Handbook of Feathers and the Traveller (You found it in the Dungeon)
   615 | D        | Learned a level 2 spell: Blink
   620 | D        | Learned a level 3 spell: Mephitic Cloud
   621 | D        | Entered arena 6.
   621 | D        | Found a transporter.
   622 | D        | Offered knowledge of Airstrike by Vehumet.
   622 | D        | Reached **** piety under Vehumet
   636 | D        | Identified Juuts's Catalogue of the Blaze and Translocation (You found it in the Dungeon)
   723 | D        | Entered arena 7.
   728 | D        | Reached ***** piety under Vehumet
   728 | D        | Reached skill level 1 in Translocations
   733 | D        | Reached skill level 5 in Summonings
   734 | D        | Found a transporter.
   830 | D        | Entered arena 8.
   832 | D        | Offered knowledge of Iskenderun's Battlesphere by Vehumet.
   835 | D        | Reached ****** piety under Vehumet
   836 | D        | Found a transporter.
   915 | D        | Learned a level 7 spell: Orb of Destruction
  1096 | D        | Entered arena 9.
  1096 | D        | Noticed a black mamba
  1097 | D        | Offered knowledge of Lee's Rapid Deconstruction by Vehumet.
  1099 | D        | Killed a black mamba
  1100 | D        | Found a transporter.
  1106 | D        | Identified the Collected Works on the Lucky Oath (You found it in the Dungeon)
  1127 | D        | Entered arena 10.
  1130 | D        | Reached XP level 11. HP: 61/61 MP: 26/26
  1135 | D        | Reached skill level 10 in Summonings
  1136 | D        | Found a transporter.
  1157 | D        | Identified the Reference Book on Clay and Calling (You found it in the Dungeon)
  1238 | D        | Entered arena 11.
  1238 | D        | Noticed a spriggan rider
  1240 | D        | Offered knowledge of Irradiate by Vehumet.
  1242 | D        | Killed a spriggan rider
  1243 | D        | Found a transporter.
  1351 | D        | Entered arena 12.
  1351 | D        | Noticed an orc sorcerer
  1351 | D        | Noticed an orc sorcerer
  1354 | D        | Noticed a two-headed ogre
  1355 | D        | Noticed an orc knight
  1355 | D        | Killed an orc sorcerer
  1357 | D        | Noticed an orc warlord
  1357 | D        | Killed a two-headed ogre
  1357 | D        | Killed an orc sorcerer
  1361 | D        | Killed an orc knight
  1362 | D        | Killed an orc warlord
  1364 | D        | Found a transporter.
  1372 | D        | Got the ring "Locw" {Dex+4 Slay+2}
  1481 | D        | Got the ring of Curr {EV+4 Str+3}
  1484 | D        | Entered arena 13.
  1484 | D        | Noticed a vampire knight
  1484 | D        | Noticed a vampire knight
  1484 | D        | Noticed a vampire knight
  1484 | D        | Noticed a necromancer
  1485 | D        | Noticed a skeletal warrior
  1485 | D        | Noticed a lich
  1488 | D        | Offered knowledge of Ozocubu's Refrigeration by Vehumet.
  1494 | D        | Noticed a reaper
  1494 | D        | Found a transporter.
  1497 | D        | Killed a vampire knight
  1497 | D        | Killed a skeletal warrior
  1497 | D        | Reached XP level 12. HP: 74/74 MP: 22/29
  1499 | D        | Killed a vampire knight
  1499 | D        | Reached skill level 5 in Fighting
  1501 | D        | Paralysed by a vampire knight for 4 turns
  1503 | D        | HP: 1/80 [vampire knight/enchanted long sword (31)]
  1503 | D        | Mangled by a vampire knight

Vault maps used:
D:        sprint_v

Skill      XL: |  1  2  3  4  5  6  7  8  9 10 11 12 |
---------------+-------------------------------------+-----
Evocations     | 8 |  8.0
Spellcasting   | 7 8 9 10 11 13 | 13.8
Conjurations   | 10 11 13 14 15 | 15.1
Fire Magic     | 8 9 10 11 12 | 12.9
Summonings     | 8 12 | 12.0
Translocations | 3 |  3.7
Fighting       | 4 6 |  6.6
Dodging        | 4 7 |  7.1
Stealth        | |  2.6

Action                   |  1- 3 |  4- 6 |  7- 9 | 10-12 || total
-------------------------+-------+-------+-------+-------++-------
Melee: Lance             |       |       |       |    13 ||    13
       Tentacles         |       |       |       |     7 ||     7
       Staff             |       |       |       |     4 ||     4
       Constrict         |       |       |       |     2 ||     2
 Cast: Fireball          |       |       |     3 |    35 ||    38
       Orb of Destructio |       |       |       |     3 ||     3
       Mephitic Cloud    |       |       |       |     1 ||     1
       Summon Demon      |       |       |       |     6 ||     6
       Blink             |       |       |       |     3 ||     3
Evoke: Wand              |     4 |       |     8 |     3 ||    15
       Sack of spiders   |       |       |     2 |     1 ||     3
       Lightning rod     |       |       |     3 |       ||     3
       Box of beasts     |       |       |       |     1 ||     1
  Use: Potion            |     4 |       |       |     2 ||     6
       Scroll            |       |       |       |     4 ||     4
  Eat: Bread ration      |       |       |       |     1 ||     1
       Chunk             |       |       |       |     1 ||     1
Armor: Skin              |       |       |       |     4 ||     4
Dodge: Dodged            |       |       |       |    20 ||    20
Block: Shield            |       |       |    12 |    17 ||    29
